AoeStats
← 陟遐自迩

Arena

510059278Analyzed
4v4 RM · 2d ago on Sep 29, 2026· 52m 5s· 8 players
Game mode
Random Map
Map size
Large (8 player)
Population
200
Speed
Normal
Resources
Standard
Victory
Conquest
Starting age
Dark Age
Ending age
Imperial Age
RankedLock teamsTeams togetherTeam positionsShared explorationLock speedFull tech treeHidden civsTurbo modeCheats
Victory
Defeat
🇮🇳 Italians · India
1133
+33
🇮🇩 Franks · Indonesia
968
+20
🇹🇷 Ethiopians · Türkiye
963
+19
🇹🇷 Mongols · Türkiye
958
+20
🇮🇳 Huns · India
1080
-19
🇹🇼 Bohemians · Taiwan
1073
-19
🇩🇪 Danes · Germany
1051
-18
🇮🇳 Chinese · India
997
-16
kwik
I like sheep
0:25 Loom
11:17 Feudal Age
15:13 Castle Age
13:28 Double-Bit Axe
13:27 Horse Collar
16:10 Bow Saw
16:04 Heavy Plow
20:08 Wheelbarrow
20:17 Gold Mining
22:04 Hand Cart
23:11 Fletching
23:27 Stone Mining
24:07 Bodkin Arrow
24:13 Padded Archer Armor
24:42 Town Watch
25:47 Scale Mail Armor
27:03 Chain Mail Armor
27:36 Squires
30:45 Imperial Age
28:07 Pikeman
30:01 Leather Archer Armor
31:23 Forging
31:58 Ballistics
32:39 Chemistry
32:21 Gold Shaft Mining
32:22 Stone Shaft Mining
32:50 Two-Man Saw
31:17 Elite Chu Ko Nu
33:09 Iron Casting
33:04 Plate Mail Armor
33:13 Caravan
33:42 Conscription
34:06 Heavy Rocket Cart
37:06 Bracer
38:07 Blast Furnace
36:36 Elite Fire Lancer
陟遐自迩
0:53 Loom
1:00 Loom
2:33 Loom
12:33 Feudal Age
13:14 Horse Collar
13:21 Double-Bit Axe
18:48 Castle Age
16:43 Stone Mining
19:27 Wheelbarrow
20:03 Bow Saw
19:55 Heavy Plow
20:06 Gold Mining
26:00 Gold Shaft Mining
26:05 Stone Shaft Mining
31:31 Imperial Age
29:45 Forging
29:35 Scale Mail Armor
29:24 Town Watch
30:08 Hand Cart
30:06 Squires
29:52 Arson
29:54 Gambesons
30:01 Hamask
31:25 Iron Casting
31:45 Chain Mail Armor
33:27 Blast Furnace
32:49 Conscription
32:20 Elite Jomsviking
34:11 Plate Mail Armor
36:43 Siege Engineers
37:39 Chemistry
37:00 Ballistics
37:11 Fletching
37:21 Padded Archer Armor
37:31 Man-at-Arms
37:31 Pikeman
38:22 Thumb Ring
37:37 Cranequins
37:37 Heavy Mounted Crossbowman
38:17 Bodkin Arrow
38:11 Northmen's Fury
38:27 Elite Skirmisher
39:12 Bracer
39:27 Leather Archer Armor
39:38 Leather Archer Armor
41:22 Ring Archer Armor
44:22 Masonry
44:20 Scale Barding Armor
jo6vul400
10:57 Feudal Age
15:35 Castle Age
13:24 Double-Bit Axe
17:20 Fervor
17:32 Sanctity
22:33 Devotion
24:51 Wheelbarrow
25:59 Hand Cart
25:31 Loom
28:18 Horse Collar
28:55 Bow Saw
29:38 Pikeman
30:19 Squires
30:06 Arson
30:37 Town Watch
31:09 Scale Mail Armor
31:20 Forging
33:44 Imperial Age
32:50 Chemistry
32:31 Chain Mail Armor
32:33 Masonry
32:58 Caravan
34:11 Fletching
34:22 Padded Archer Armor
34:59 Iron Casting
34:36 Heavy Plow
35:39 Two-Man Saw
34:03 Houfnice
35:09 Ballistics
35:20 Architecture
35:01 Elite Skirmisher
36:12 Bodkin Arrow
36:33 Leather Archer Armor
38:54 Ring Archer Armor
38:24 Bracer
39:49 Man-at-Arms
41:01 Plate Mail Armor
41:32 Blast Furnace
40:36 Long Swordsman
41:21 Two-Handed Swordsman
42:21 Champion
RoadRunner
1:17 Loom
10:48 Feudal Age
14:30 Castle Age
12:38 Horse Collar
13:50 Double-Bit Axe
14:03 Loom
15:52 Wheelbarrow
17:08 Heavy Plow
18:17 Fervor
20:27 Stone Mining
24:15 Bow Saw
25:09 Gold Mining
25:43 Fletching
26:27 Nomads
28:08 Ballistics
32:15 Imperial Age
30:11 Hand Cart
30:37 Padded Archer Armor
31:19 Bodkin Arrow
31:36 Thumb Ring
32:30 Leather Archer Armor
32:31 Bloodlines
32:22 Husbandry
33:28 Conscription
33:55 Elite Mangudai
35:00 Drill
34:49 Town Watch
36:39 Chemistry
35:20 Capped Ram
36:39 Gold Shaft Mining
36:45 Stone Shaft Mining
36:35 Bracer
38:48 Parthian Tactics
39:19 Hoardings
39:33 Scale Barding Armor
39:39 Forging
38:57 Light Cavalry
39:12 Siege Ram
40:05 Town Patrol
39:42 Hussar
40:47 Chain Barding Armor
41:42 Iron Casting
43:56 Blast Furnace
46:54 Herbal Medicine
all.eyes.on.farms
10:23 Feudal Age
14:07 Castle Age
12:10 Double-Bit Axe
12:11 Horse Collar
17:16 Bow Saw
17:38 Heavy Plow
17:26 Loom
21:46 Wheelbarrow
22:23 Stone Mining
22:24 Gold Mining
24:08 Stone Shaft Mining
29:31 Imperial Age
27:15 Squires
27:00 Arson
28:35 Gold Shaft Mining
29:28 Scale Mail Armor
29:51 Royal Heirs
30:06 Forging
30:47 Conscription
31:10 Chain Mail Armor
30:53 Elite Shotel Warrior
32:24 Iron Casting
34:32 Two-Man Saw
33:52 Hand Cart
33:24 Town Watch
34:27 Elite Skirmisher
35:40 Plate Mail Armor
36:23 Blast Furnace
37:09 Ballistics
39:32 Chemistry
40:07 Fletching
40:17 Padded Archer Armor
43:44 Thumb Ring
44:14 Bodkin Arrow
45:31 Leather Archer Armor
48:00 Masonry
muhaliefr06
12:09 Feudal Age
13:55 Wheelbarrow
17:01 Castle Age
16:46 Double-Bit Axe
19:59 Stone Mining
21:37 Hand Cart
22:49 Gold Mining
27:28 Bow Saw
27:50 Husbandry
32:21 Imperial Age
31:00 Gold Shaft Mining
30:48 Scale Barding Armor
30:54 Forging
32:54 Caravan
33:16 Chain Barding Armor
33:32 Iron Casting
33:28 Chivalry
32:59 Cavalier
35:24 Paladin
37:32 Man-at-Arms
38:02 Gambesons
38:21 Scale Mail Armor
38:58 Plate Barding Armor
39:23 Blast Furnace
39:04 Conscription
38:08 Ordonnance Companies
38:24 Long Swordsman
39:04 Squires
39:27 Two-Handed Swordsman
41:14 Champion
45:26 Chain Mail Armor
笨狸特爱吃
Connection lost

Rejoining the realm…

Still unreachable

The connection could not be restored.

Session expired

The server has moved on; the page needs a fresh start.